AoeStats
← Elmp5

Arabia

509507179Analyzed
1v1 RM · 4d ago on Sep 27, 2026· 45m 35s· 2 players
Game mode
Random Map
Map size
Tiny (2 player)
Population
200
Speed
Normal
Resources
Standard
Victory
Conquest
Starting age
Dark Age
Ending age
Imperial Age
RankedLock teamsTeams togetherTeam positionsShared explorationLock speedFull tech treeHidden civsTurbo modeCheats
Victory
Defeat
🇨🇴 Franks · Colombia
891
+15
🇨🇱 Italians · Chile
860
-15
Elmp5
3:48 Loom
11:14 Feudal Age
12:18 Double-Bit Axe
23:16 Castle Age
22:55 Padded Archer Armor
22:46 Fletching
26:54 Leather Archer Armor
26:35 Bodkin Arrow
26:46 Horse Collar
27:20 Bow Saw
29:35 Ballistics
30:00 Squires
30:43 Pikeman
34:12 Scale Mail Armor
41:22 Chain Mail Armor
41:01 Arson
46:09 Imperial Age
45:37 Wheelbarrow
44:47 Town Watch
45:20 Forging
Juanzanahoria
7:05 Loom
9:09 Feudal Age
11:13 Double-Bit Axe
21:20 Castle Age
19:43 Scale Barding Armor
19:46 Gold Mining
22:10 Husbandry
22:42 Chain Barding Armor
24:29 Bow Saw
26:23 Forging
28:46 Wheelbarrow
28:50 Town Watch
36:26 Iron Casting
40:54 Imperial Age
41:02 Imperial Age
38:52 Hand Cart
38:38 Town Patrol
41:09 Cavalier
42:27 Plate Barding Armor
42:54 Blast Furnace
42:42 Paladin
Connection lost

Rejoining the realm…

Still unreachable

The connection could not be restored.

Session expired

The server has moved on; the page needs a fresh start.